 Dungeon Crawl Stone Soup version 0.28.0-43-g3370ac3207 (webtiles) character file.

Game seed: 13739181978771017694

66 styxcanada the Sneak (level 3, -4/18 HPs)
             Began as a Spriggan Brigand on Mar 29, 2022.
             Killed from afar by Sigmund (11 damage)
             ... with a puff of flame
             ... on level 2 of the Dungeon on Mar 30, 2022.
             The game lasted 00:05:50 (1663 turns).

styxcanada the Sneak (Spriggan Brigand)             Turns: 1663, Time: 00:05:50

Health: -4/18      AC:  3    Str:  7    XL:     3   Next: 96%
Magic:  4/4        EV: 17    Int: 12    God:
Gold:   48         SH:  0    Dex: 18    Spells: 2/2 levels left

rFire   . . .      SeeInvis +   a - +2 dagger
rCold   . . .      Faith    .   (no shield)
rNeg    . . .      Spirit   .   b - +0 robe
rPois   .          Reflect  .   (helmet restricted)
rElec   .          Harm     .   c - +0 cloak
rCorr   .          Rampage  .   (gloves unavailable)
Will    .....                   (boots unavailable)
Stlth   ++........              (no amulet)
HPRegen 0.06/turn               (no ring)
MPRegen 0.09/turn               (no ring)

@: confused, very quick
A: very small, no large weapons, unfitting armour, see invisible, speed 3
a: no special abilities


You were on level 2 of the Dungeon.
You visited 1 branch of the dungeon, and saw 2 of its levels.

You collected 48 gold pieces.

Inventory:

Hand Weapons
 a - a +2 dagger (weapon)
Missiles
 d - 9 poisoned darts (quivered)
 e - 2 curare-tipped darts
 h - 11 stones
Armour
 b - a +0 robe (worn)
 c - a +0 cloak (worn)
Scrolls
 f - 2 scrolls of identify {unknown}
 g - a scroll of magic mapping {unknown}
 i - a scroll of fear {unknown}


   Skills:
 * Level 1.9 Fighting
 + Level 2.3 Short Blades
 + Level 2.2 Throwing
 * Level 2.0 Dodging
 * Level 7.7 Stealth


You had 2 spell levels left.
You didn't know any spells.
Your spell library was empty.

Dungeon Overview and Level Annotations

Branches:
Dungeon (2/15)

Altars:
Cheibriados

Annotations:
D:2 Sigmund


Innate Abilities, Weirdness & Mutations

You are very small and have problems with some larger weapons.
You are too small for most types of armour.
You have supernaturally acute eyesight. (SInv)
You cover ground extremely quickly. (Speed+++)


Message History

Press: ? - help, Q - select action, (/) - cycle Shift-Dir - straight line, f - Sigmund
Aim: Sigmund, wielding a +0 scythe, wearing a +0 robe and carrying a wand of polymorph (9) (58% to hit)
You throw a poisoned dart. The poisoned dart hits Sigmund.
Sigmund is poisoned.
Sigmund casts a spell at you.
You are confused.
Sigmund screams, "Only death can liberate you!"
Sigmund zaps a wand.
You turn into a bat.
Your +2 dagger melds into your body.
Your +0 cloak melds into your body.
Your +0 robe melds into your body.
You're too confused to move!
Sigmund looks more healthy.
You feel less confused. Sigmund closely misses you.
Sigmund mumbles some strange words.
Sigmund flickers and vanishes for a moment.
Found a stone staircase leading down.
You start waiting.
Sigmund is nearby!
Found 4 gold pieces.
You start waiting.
Sigmund is nearby!
Your transformation is almost over.
You see here 4 gold pieces.
You now have 48 gold pieces (gained 4).
Sigmund says, "Look into my eyes."
Sigmund points at you and mumbles some strange words.
The puff of flame hits you!
Ouch! That really hurt!
You feel less batty.
Your +2 dagger unmelds from your body.
Your +0 cloak unmelds from your body.
Your +0 robe unmelds from your body.
Sigmund points at you and mumbles some strange words.
You are confused.
Non-targeted confused throw: 10 darts (poison)
Press: ? - help, Q - select action, (/) - cycle Dir - look around, f - activate You throw a poisoned dart.
Unknown command.
Sigmund gestures at you while chanting. The puff of flame hits you!
Ouch! That really hurt!
You die...

##............................#.#
.......#...............##...###.#
.......##......................†.
..................##.......######
..##...##...#....###.......##
†.##...##...#..........._...#####
.......##...#................†).#
............#########......######
.........##.....@....##<..##
##.......##..........######
####......#(............# #
#......#.............# #
#..(...#.............#
####......#.............#
...#......#....#........#
..........#..@.#........###
...............#...........


You could see Sigmund (invisible).

Vanquished Creatures
  2 adders (D:2)
  A worm (D:2)
  2 dart slugs (D:1)
  3 ball pythons
  5 endoplasms
  A giant cockroach (D:2)
  A goblin (D:2)
  5 hobgoblins
  3 jackals (D:2)
  5 kobolds
  2 quokkas
  3 bats
  A frilled lizard (D:2)
  4 rats
38 creatures vanquished.

Notes
Turn   | Place    | Note
-------+----------+-------------------------------------------
     0 | D:1      | styxcanada the Spriggan Brigand began the quest for the
                  | Orb.
     0 | D:1      | Reached XP level 1. HP: 10/10 MP: 2/2
    31 | D:1      | Reached skill level 6 in Stealth
   438 | D:1      | Reached XP level 2. HP: 13/14 MP: 3/3
   976 | D:2      | Found a snail-covered altar of Cheibriados.
   984 | D:2      | Reached skill level 7 in Stealth
  1008 | D:2      | Reached XP level 3. HP: 18/18 MP: 4/4
  1602 | D:2      | Noticed Sigmund
  1663 | D:2      | Killed from afar by Sigmund

Illustrated notes

Levels and vault maps discovered:
D:1:      dpeg_arrival_radiant, layout_loops_cross
D:2:      layout_basic, basic_altar, uniq_sigmund, uniq_terence

Skill      XL: |  1  2  3 |
---------------+----------+-----
Stealth        | 6 7 |  7.7
Dodging        | 2 |  2.0
Fighting       | |  1.9
Short Blades   | |  2.3
Throwing       | |  2.2

Action                   || total
-------------------------++-------
Melee: Dagger            ||    90
       Punch             ||     3
Throw: Dart              ||    18
       Stone             ||     1
 Stab: Sleeping          ||    17
Armor: Robe              ||    10
Dodge: Dodged            ||    45
